 Dungeon Crawl Stone Soup version 0.30-a0-793-g160f7cfddd (webtiles) character file.

Game seed: 7048980133673011828

4889 cheesebisquit the Marksminotaur (level 10, -1/76 (78) HPs)
             Began as a Minotaur Hunter on Feb 19, 2023.
             Was an Elder of Qazlal.
             Slain by Psyche
             ... wielding a +3 dagger of chaos
              (5 damage)
             ... on level 8 of the Dungeon.
             The game lasted 00:27:05 (8273 turns).

cheesebisquit the Marksminotaur (Minotaur Hunter)   Turns: 8273, Time: 00:27:06

HP:   -1/76 (78)    AC:  4    Str: 19    XL:     10   Next: 26%
MP:   10/10         EV: 13    Int:  5    God:    Qazlal [****..]
Gold: 238           SH:  5    Dex: 18    Spells: 9/9 levels left

rFire   + . .      SeeInvis .    a - +3 shortbow
rCold   + . .      Faith    .    (shield currently unavailable)
rNeg    . . .      Spirit   .    x - +2 robe {rC+ rF+}
rPois   .          Reflect  .    (helmet restricted)
rElec   .          Harm     .    s - scarf {+Inv}
rCorr   .          Rampage  .    (no gloves)
Will    .....                    (no boots)
Stlth   +                        (no amulet)
HPRegen 0.32/turn                (no ring)
MPRegen 0.12/turn                (no ring)

@: mighty, lightly drained, invisible, repel missiles
A: horns 2, retaliatory headbutt, deterioration 1, strong 1
a: Renounce Religion, Evoke Invisibility, Upheaval, Elemental Force


You were on level 8 of the Dungeon.
You worshipped Qazlal.
Qazlal was greatly pleased with you.
You visited 1 branch of the dungeon, and saw 8 of its levels.

You collected 343 gold pieces.
You spent 105 gold pieces at shops.

Inventory:

Hand Weapons
 a - a +3 shortbow (weapon)
 b - the +11 dagger "Haculeeth" {freeze, Stlth+}
   (You found it on level 3 of the Dungeon)

   Stlth:     It makes you more stealthy.
Missiles
 h - 25 poisoned darts
Armour
 c - a +0 leather armour
 s - a scarf of invisibility (worn)
 x - a +2 robe of resistance (worn)
Wands
 D - a wand of charming (11)
 F - a wand of mindburst (18)
Scrolls
 d - a scroll of silence {unknown}
 g - a scroll of magic mapping
 k - a scroll of torment {unknown}
 n - a scroll of fog
 o - 4 scrolls of teleportation
 q - a scroll of immolation
 v - a scroll of butterflies {unknown}
 w - a scroll of fear
 y - a scroll of vulnerability {unknown}
 z - a scroll of blinking {unknown}
 C - a scroll of poison {unknown}
 E - a scroll of amnesia {unknown}
Potions
 e - a potion of degeneration
 l - 2 potions of flight
 m - 2 potions of attraction
 r - a potion of cancellation {unknown}
 t - a potion of magic {unknown}
 u - a potion of might
 A - a potion of mutation
 B - a potion of haste {unknown}


   Skills:
 + Level 4.0 Fighting
 - Level 16.0 Ranged Weapons
 + Level 3.6 Dodging
 - Level 0.7 Stealth
 + Level 2.4 Invocations


You had 9 spell levels left.
You didn't know any spells.
Your spell library contained the following spells:

 Spells                   Type           Power      Damage    Failure   Level
 Lesser Beckoning         Tloc           0%         N/A       63%         2
 Gell's Gravitas          Tloc           0%         N/A       85%         3
 Teleport Other           Tloc           0%         N/A       85%         3
 Anguish                  Hex/Necr       0%         N/A       99%         4
 Enfeeble                 Hex            0%         N/A       100%        7


Dungeon Overview and Level Annotations

Branches:
Dungeon (8/15)             Temple (0/1) D:7            Lair (0/5) D:8

Altars:
Dithmenos
Qazlal
Sif Muna
Uskayaw

Shops:
D:4 *

Annotations:
D:8 Psyche


Innate Abilities, Weirdness & Mutations

You have a pair of horns on your head.
You reflexively headbutt those who attack you in melee.
Your body sometimes deteriorates upon taking damage.
Your muscles are strong. (Str +4, Int/Dex -1)


Message History

Something hits you.
* * * LOW HITPOINT WARNING * * *
Non-targeted confused fire: a) +3 shortbow
Press: ? - help, Q - select action, (/) - cycle Dir - look around, f - activate You shoot an arrow.
You hear a zap.
A bolt of light appears from out of thin air!
The bolt of light is repelled.
Non-targeted confused fire: a) +3 shortbow
Press: ? - help, Q - select action, (/) - cycle Dir - look around, f - activate You shoot an arrow.
You feel less invigorated.
You feel less confused. Something barely misses you.
Fire: a) +3 shortbow
Press: ? - help, Q - select action, (/) - cycle Shift-Dir - straight line You shoot an arrow.
Fire: a) +3 shortbow
Press: ? - help, Q - select action, (/) - cycle Shift-Dir - straight line
Okay, then.
You fade into invisibility!
Something barely misses you. Something hits you but does no damage.
You can't see any enemies this would affect, really read the scroll of fear?
Okay, then.
Fire: a) +3 shortbow
Press: ? - help, Q - select action, (/) - cycle Shift-Dir - straight line You shoot an arrow.
Something hits you.
* * * LOW HITPOINT WARNING * * *
You feel drained.
* * * LOW HITPOINT WARNING * * *
It was a potion of might.
You feel very mighty all of a sudden.
You hear a zap.
A bolt of light appears from out of thin air!
The bolt of light misses you.
It was a potion of mutation.
You feel extremely strange.
You feel yourself wasting away.
You feel stronger. Something hits you.
You die...

*,,,,,,,* *,,,,,,,*
*#### *,,,,,,,**
##...## *,,,,,,,,,
##)....##*,,,,,,,**
#.......#*,,,,,,,*
#§○.§...#*,,,,,,,*
#.......#*,,,,,,,*
*#@{...#******,****
*#○[...#******,,,,,
#.§.......,,,######
#.......##**,,.....
#.......# ****#...
##../..## #.[.
##.....#*** #)..
*####...,** ##..[
*###,,* #.)..


There were no monsters in sight!

Vanquished Creatures
  Pikel (D:6)
  A slime creature (D:7)
  Sigmund (D:3)
  A wyvern (D:7)
  A steam dragon (D:7)
  A water moccasin (D:5)
  A black bear (D:6)
  An ice beast (D:6)
  An ogre (D:6)
  3 centaurs
  A wolf (D:8)
  A lemure (D:8)
  6 phantoms
  A kobold brigand (D:8)
  3 bullfrogs
  A scorpion (D:6)
  4 necrophages
  9 wights (D:7)
  2 killer bees (D:8)
  An electric eel (D:8)
  A howler monkey (D:6)
  8 hounds
  9 jellies
  7 orc priests
  3 gnoll boudas
  8 iguanas
  2 orc wizards
  20 gnolls
  10 adders
  A river rat (D:6)
  2 ufetubi (D:4)
  A dart slug (D:1)
  18 orcs
  10 ball pythons
  8 bats
  A bat skeleton (D:2)
  A bat zombie (D:2)
  17 endoplasms
  3 giant cockroaches
  11 goblins
  10 hobgoblins
  2 jackals (D:3)
  5 quokkas
  A ball python skeleton (D:2)
  7 frilled lizards
  A giant cockroach zombie (D:2)
  10 kobolds
  A quokka zombie (D:2)
  4 rats
223 creatures vanquished.

Vanquished Creatures (others)
  7 fungi (D:7)
  A withered plant (D:2)
8 creatures vanquished.

Grand Total: 231 creatures vanquished

Notes
Turn   | Place    | Note
-------+----------+-------------------------------------------
     0 | D:1      | cheesebisquit the Minotaur Hunter began the quest for the
                  | Orb.
     0 | D:1      | Reached XP level 1. HP: 18/18 MP: 0/0
   193 | D:1      | Reached XP level 2. HP: 25/25 MP: 1/1
   230 | D:1      | Reached skill level 5 in Ranged Weapons
   874 | D:2      | Reached XP level 3. HP: 30/30 MP: 2/2
  1038 | D:2      | Reached skill level 6 in Ranged Weapons
  1260 | D:2      | Reached XP level 4. HP: 37/37 MP: 3/3
  1770 | D:3      | Noticed Sigmund
  1828 | D:3      | Killed Sigmund
  1829 | D:3      | Reached skill level 8 in Ranged Weapons
  1829 | D:3      | Reached XP level 5. HP: 37/42 MP: 4/4
  1851 | D:3      | Identified the +11 dagger "Haculeeth" {freeze, Stlth+}
  1990 | D:3      | Reached XP level 6. HP: 50/50 MP: 5/5
  2185 | D:3      | Found a stormy altar of Qazlal.
  2363 | D:3      | Became a worshipper of Qazlal Stormbringer
  2425 | D:4      | Found Sofezel's General Store.
  2428 | D:4      | Bought a scroll of enchant weapon for 75 gold pieces
  2428 | D:4      | Bought a scroll of teleportation for 30 gold pieces
  2614 | D:4      | Noticed a +0 falchion
  2614 | D:4      | Noticed a +0 dagger
  2616 | D:4      | Noticed a +0 spear
  2616 | D:4      | Noticed a +0 short sword
  2617 | D:4      | Noticed a +0 falchion
  2617 | D:4      | Noticed a +0 spear
  2617 | D:4      | Noticed a +0 short sword
  2617 | D:4      | Noticed a +0 dagger
  2620 | D:4      | Found a hide-covered altar of Uskayaw.
  2884 | D:4      | Found a shadowy altar of Dithmenos.
  2914 | D:4      | Reached skill level 9 in Ranged Weapons
  3087 | D:4      | Reached * piety under Qazlal
  3195 | D:4      | You fall into a shaft and drop 3 floors!
  3205 | D:7      | Reached XP level 7. HP: 54/56 MP: 6/6
  3268 | D:7      | Reached skill level 10 in Ranged Weapons
  3521 | D:7      | Found a staircase to the Ecumenical Temple.
  3529 | D:7      | Noticed a steam dragon
  3546 | D:7      | Reached skill level 11 in Ranged Weapons
  3546 | D:7      | Reached XP level 8. HP: 24/62 MP: 7/7
  3816 | D:7      | Reached skill level 12 in Ranged Weapons
  3930 | D:7      | Noticed a slime creature
  4063 | D:6      | Reached skill level 13 in Ranged Weapons
  4152 | D:5      | Entered Level 5 of the Dungeon
  4206 | D:5      | Reached ** piety under Qazlal
  4207 | D:5      | Reached XP level 9. HP: 61/68 MP: 8/8
  4882 | D:5      | Reached skill level 14 in Ranged Weapons
  5850 | D:6      | Reached skill level 15 in Ranged Weapons
  6500 | D:7      | Reached *** piety under Qazlal
  6561 | D:7      | Found a shimmering blue altar of Sif Muna.
  7116 | D:7      | Reached XP level 10. HP: 52/74 MP: 9/9
  7761 | D:7      | Found a staircase to the Ecumenical Temple.
  7767 | D:7      | Reached skill level 16 in Ranged Weapons
  7852 | D:7      | Found a shimmering blue altar of Sif Muna.
  8076 | D:8      | Noticed Pikel
  8114 | D:6      | Killed Pikel
  8115 | D:6      | Reached skill level 1 in Invocations
  8250 | D:8      | Reached **** piety under Qazlal
  8256 | D:8      | Noticed Psyche
  8273 | D:8      | Gained mutation: Your body sometimes deteriorates upon
                  | taking damage. [potion of mutation]
  8273 | D:8      | Gained mutation: Your muscles are strong. (Str +4, Int/Dex
                  | -1) [potion of mutation]
  8273 | D:8      | Slain by Psyche

Illustrated notes

Levels and vault maps discovered:
D:1:      evilmike_arrival_home_sweet_home, layout_basic, chequers_mini_garden,
          chequers_big_river
D:2:      layout_loops_ring, serial_undead, serial_undead_f, serial_undead_a,
          serial_undead_f, serial_undead_e
D:3:      layout_loops_cross, mainiacjoe_overflow_alcove_1, uniq_sigmund
D:4:      layout_loops_corners, nicolae_uskayaw_en_pointe,
          grunt_dithmenos_smoke, serial_shops, kennysheep_mini
D:5:      layout_basic
D:6:      layout_rooms, cheibrodos_sewer_entry_sluice, st_stairs_4,
          chequers_decorated_corner
D:7:      lemuel_slime, layout_basic, led_sif_pool, minmay_temple_entry_mist,
          enter_bailey_5
D:8:      layout_rooms, grunt_gozag_statues, erik_lair_island, uniq_psyche,
          uniq_pikel

Skill      XL: |  1  2  3  4  5  6  7  8  9 10 |
---------------+-------------------------------+-----
Ranged Weapons | 5 6 8 9 11 13 15 16 | 16.0
Fighting       | 4 |  4.0
Dodging        | 3 |  3.6
Invocations    | 2 |  2.4
Stealth        | |  0.7

Action                     |  1- 3 |  4- 6 |  7- 9 | 10-12 || total
---------------------------+-------+-------+-------+-------++-------
  Melee: Dagger            |       |    15 |       |       ||    15
         Headbutt          |       |     2 |       |       ||     2
   Fire: Shortbow          |   109 |   132 |   407 |    94 ||   742
    Use: Scroll            |       |     7 |     3 |     3 ||    13
         Potion            |       |       |     1 |    13 ||    14
 Armour: Leather armour    |    12 |     7 |     1 |       ||    20
         Robe              |       |       |    15 |     8 ||    23
  Dodge: Dodged            |    35 |    57 |    77 |    52 ||   221
         Repelled          |       |       |       |     1 ||     1
  Block: Other             |       |       |     7 |    15 ||    22

Table legend: (Time is in decaauts)
 A = Elapsed time spent in this place.
 B = Non-inter-level travel time spent in this place.
 C = Inter-level travel time spent in this place.
 D = Time resting spent in this place.
 E = Time spent auto-exploring this place.
 F = Levels seen in this place.
 G = Mean time per level.
                   A        B        C        D        E       F      G
               +--------+--------+--------+--------+--------+-----+--------+
         Total |   8236 |   7866 |    370 |    766 |   5945 |   8 | 1029.5 |
       Dungeon |   8236 |   7866 |    370 |    766 |   5945 |   8 | 1029.5 |
               +--------+--------+--------+--------+--------+-----+--------+

Top non-repeatable levels by time:
     D:7: 2490 daAuts
     D:4: 1170 daAuts
     D:5: 1160 daAuts
     D:1: 897 daAuts
     D:2: 803 daAuts
     D:6: 785 daAuts
     D:3: 747 daAuts
     D:8: 181 daAuts
